 Dungeon Crawl Stone Soup version 0.29-a0-9-g022ca4c890 (webtiles) character file.

Game seed: 14583119370265123077

949 Snarg the Skirmisher (level 7, 0/60 HPs)
             Began as a Demigod Wanderer on Jan 28, 2022.
             Slain by Prince Ribbit (12 damage)
             ... on level 5 of the Dungeon.
             The game lasted 00:36:17 (7399 turns).

Snarg the Skirmisher (Demigod Wanderer)             Turns: 7399, Time: 00:36:18

Health: 0/60       AC:  3    Str: 16    XL:     7   Next: 58%
Magic:  14/14      EV: 12    Int: 19    God:
Gold:   170        SH:  0    Dex: 13    Spells: 6/12 levels left

rFire   . . .      SeeInvis .   a - +2 short sword (venom)
rCold   + . .      Faith    .   (no shield)
rNeg    . . .      Spirit   .   f - +0 leather armour
rPois   .          Reflect  .   (no helmet)
rElec   .          Harm     .   (no cloak)
rCorr   .          Rampage  .   (no gloves)
Will    .....                   (no boots)
Stlth   ++........              h - amulet of magic regeneration
HPRegen 0.20/turn               v - ring of protection from cold
MPRegen 0.54/turn               (no ring)

@: invisible
A: high mp 1, forlorn, divine attributes
a: no special abilities


You were on level 5 of the Dungeon.
You visited 2 branches of the dungeon, and saw 6 of its levels.

You collected 170 gold pieces.

Inventory:

Hand Weapons
 a - a +2 short sword of venom (weapon)
 b - a +2 hand crossbow
 g - a +0 long sword
 i - a +0 hand axe
 j - a +0 short sword
 m - a +0 vorpal hand axe
 t - a +0 rapier
 u - a +0 dagger of protection
 x - a +0 dagger
Missiles
 c - 9 boomerangs (quivered)
 d - 94 bolts
 k - 235 stones
 w - 2 boomerangs of dispersal
Armour
 e - a +0 robe
 f - a +0 leather armour (worn)
 o - a +0 scale mail
Magical Staves
 r - a staff of cold
Jewellery
 h - an amulet of magic regeneration (around neck)
 s - an amulet of regeneration
 v - a ring of protection from cold (left hand)
Wands
 B - a wand of iceblast (7)
Scrolls
 y - a scroll of summoning {unknown}
 C - 2 scrolls of identify
 D - a scroll of fog
 F - a scroll of enchant armour {unknown}
Potions
 l - a potion of flight
 n - 4 potions of might
 p - a potion of cancellation {unknown}
 q - a potion of curing
 z - a potion of lignification {unknown}


   Skills:
 * Level 4.4 Fighting
 + Level 0.6 Short Blades
 - Level 3.0 Crossbows
 - Level 1.0 Throwing
 + Level 2.1 Armour
 - Level 3.0 Dodging
 + Level 1.7 Stealth
 - Level 3.0 Spellcasting
 - Level 3.0 Conjurations
 + Level 1.3 Summonings
 - Level 3.0 Air Magic
 + Level 1.1 Poison Magic


You had 6 spell levels left.
You knew the following spells:

 Your Spells              Type           Power      Damage    Failure   Level
a - Shock                 Conj/Air       56%        1d6       5%          1
b - Call Imp              Summ           7%         N/A       16%         2
c - Mephitic Cloud        Conj/Pois/Air  11%        N/A       22%         3

Your spell library contained the following spells:

 Spells                   Type           Power      Damage    Failure   Level
 Magic Dart               Conj           56%        1d5       5%          1


Dungeon Overview and Level Annotations

Branches:
Dungeon (5/15)             Temple (1/1) D:4

Annotations:
D:1 clr
D:2 cxlr
D:3 clr, Edmund
D:4 XLER
D:5 Prince Ribbit


Innate Abilities, Weirdness & Mutations

You have an increased reservoir of magic. (+10% MP)
You shall have no god before yourself.
Your divine heritage dramatically boosts your attributes as you level up.


Message History

Prince Ribbit comes into view.
The bullfrog zombie closely misses you.
Unknown command.
Unknown command.
Okay, then.
Unknown command.
An adder comes into view.
The bullfrog zombie hits you.
The orc is engulfed in noxious fumes.
The orc appears confused.
The bullfrog zombie hits you. The adder bites you.
* * * LOW HITPOINT WARNING * * *
Unknown command.
Unknown command.
As you read the scroll of fear, it crumbles to dust.
You assume a fearsome visage.
The bullfrog zombie is unaffected.
The scorpion looks frightened!
The adder looks frightened!
The orc looks frightened!
The bullfrog zombie hits you.
* * * LOW HITPOINT WARNING * * *
The bullfrog zombie misses you.
Unknown command.
Unknown command.
You hit the bullfrog zombie.
You destroy the bullfrog zombie!
Okay, then.
Unknown command.
Unknown command.
Press: ? - help, v - describe, . - travel
Here: Prince Ribbit The floor.
Unknown command.
You fade into invisibility!
Found a scroll of teleportation.
Prince Ribbit misses you. Prince Ribbit barely misses you.
Prince Ribbit hits you.
* * * LOW HITPOINT WARNING * * *
Prince Ribbit sighs, "It's not easy being green!"
Prince Ribbit hits you!
You die...

###.## ..## #..# ...# ##..##
#..# #....## ....? #..#
##.....# #....# #..##
#......### #...#
##...#####...#....## #..#
###......##...###....#
#..####...F@........####....
#...#....###....<.......#...
##(.....###
#................
#####......##
#.(....####......
..........## #.....##
###.... .....####..#
##....## ##... ....## #...#
#....†# #... .s..# ##..#
#....## ...# ..o.##
#..###....# .##


You could see Prince Ribbit.

Vanquished Creatures
  A water moccasin (D:2)
  A black bear (D:2)
  An ogre (D:4)
  A phantom (D:3)
  2 bullfrog zombies (D:5)
  A centaur skeleton (D:5)
  A gnoll shaman (D:5)
  A scorpion zombie (D:5)
  3 iguanas
  15 gnolls
  4 adders
  An ufetubus (D:5)
  3 worms
  12 orcs
  6 bats
  6 endoplasms
  A giant cockroach (D:4)
  12 goblins
  11 hobgoblins
  4 jackals (D:4)
  9 kobolds
  5 quokkas
  5 ball pythons
  A frilled lizard (D:1)
  A rat (D:1)
108 creatures vanquished.

Vanquished Creatures (collateral kills)
  A bullfrog skeleton (D:5)
  A hound (D:5)
  A howler monkey skeleton (D:4)
  A gnoll (D:3)
  An orc (D:3)
  A hobgoblin (D:2)
6 creatures vanquished.

Vanquished Creatures (others)
  4 plants (D:3)
4 creatures vanquished.

Grand Total: 118 creatures vanquished

Notes
Turn   | Place    | Note
-------+----------+-------------------------------------------
     0 | D:1      | Snarg the Demigod Wanderer began the quest for the Orb.
     0 | D:1      | Snarg set off with the following items: a +2 hand crossbow,
                  | 20 bolts, 8 boomerangs, a +0 dagger, a +0 robe; and the
                  | following spell memorised: Shock; and the following spells
                  | available to memorise: Mephitic Cloud
     0 | D:1      | Reached XP level 1. HP: 16/16 MP: 5/5
   477 | D:1      | Reached XP level 2. HP: 23/23 MP: 2/7
  1160 | D:2      | Reached skill level 1 in Conjurations
  1755 | D:2      | Noticed a black bear
  2176 | D:2      | Reached XP level 3. HP: 18/28 MP: 3/8
  2491 | D:2      | Killed a black bear
  2492 | D:2      | Reached XP level 4. HP: 35/35 MP: 9/9
  2604 | D:2      | Reached skill level 1 in Stealth
  2620 | D:2      | Reached skill level 2 in Fighting
  2784 | D:2      | Learned a level 2 spell: Call Imp
  2788 | D:2      | Learned a level 3 spell: Mephitic Cloud
  2814 | D:3      | Noticed a water moccasin
  2822 | D:2      | Killed a water moccasin
  2823 | D:2      | Reached XP level 5. HP: 20/42 MP: 7/11
  3736 | D:2      | Reached skill level 1 in Summonings
  3992 | D:3      | Reached skill level 1 in Poison Magic
  4029 | D:3      | Reached XP level 6. HP: 45/49 MP: 12/12
  5100 | D:4      | Noticed Edmund
  5718 | D:4      | Reached skill level 1 in Armour
  5814 | D:4      | Found a staircase to the Ecumenical Temple.
  6013 | D:3      | Reached skill level 3 in Fighting
  6013 | D:3      | Reached XP level 7. HP: 37/57 MP: 10/14
  6651 | D:5      | Entered Level 5 of the Dungeon
  6668 | Temple   | Entered the Ecumenical Temple
  7196 | D:5      | Reached skill level 4 in Fighting
  7380 | D:5      | Noticed Prince Ribbit
  7399 | D:5      | Slain by Prince Ribbit

Illustrated notes

Levels and vault maps discovered:
D:1:      lemuel_arrival_funnel, layout_rooms,
          dilly_ecumenical_altar_fadedgnrine, minmay_hexomino_p4
D:2:      layout_basic, kennysheep_generic_room_14
D:3:      corexii_shack_village, layout_rooms,
          mainiacjoe_overflow_small_starburst, minmay_puff
D:4:      layout_gridville, minmay_temple_entry_antechambers, dk_noncrumbling_3,
          minmay_vboxes, uniq_edmund
D:5:      layout_layer_cave, minmay_bent, uniq_prince_ribbit1
Temple:   mainiacjoe_temple_coin_purse

Skill      XL: |  1  2  3  4  5  6  7 |
---------------+----------------------+-----
Air Magic      | 3 |  3.0
Crossbows      | 3 |  3.0
Spellcasting   | 2 3 |  3.0
Conjurations   | 1 2 3 |  3.0
Dodging        | 2 3 |  3.0
Stealth        | 1 |  1.7
Fighting       | 2 3 4 |  4.4
Summonings     | 1 |  1.3
Poison Magic   | 1 |  1.1
Armour         | 1 2 |  2.1
Short Blades   | |  0.6
Throwing       | |  1.0

Action                   |  1- 3 |  4- 6 |  7- 9 || total
-------------------------+-------+-------+-------++-------
Melee: Unarmed           |     2 |       |       ||     2
       Dagger            |    19 |    97 |    10 ||   126
       Punch             |       |     1 |     1 ||     2
       Short sword       |       |       |    46 ||    46
 Fire: Hand crossbow     |     8 |    41 |    37 ||    86
Throw: Boomerang         |     8 |     2 |       ||    10
       Throwing net      |       |     1 |       ||     1
 Cast: Shock             |    56 |    81 |    12 ||   149
       Call Imp          |       |     9 |     4 ||    13
       Mephitic Cloud    |       |     7 |     6 ||    13
  Use: Scroll            |     6 |     4 |     2 ||    12
       Potion            |       |     2 |     1 ||     3
Armor: Robe              |     5 |     5 |       ||    10
       Leather armour    |       |    29 |    16 ||    45
Dodge: Dodged            |    25 |   117 |    43 ||   185

Table legend: (Time is in decaauts)
 A = Elapsed time spent in this place.
 B = Non-inter-level travel time spent in this place.
 C = Inter-level travel time spent in this place.
 D = Time resting spent in this place.
 E = Time spent auto-exploring this place.
 F = Levels seen in this place.
 G = Mean time per level.
                   A        B        C        D        E       F      G
               +--------+--------+--------+--------+--------+-----+--------+
         Total |   7432 |   6822 |    610 |   2043 |   3146 |   6 | 1238.7 |
       Dungeon |   7320 |   6725 |    595 |   2043 |   3066 |   5 | 1464.0 |
        Temple |    111 |     96 |     15 |      0 |     80 |   1 |  111.0 |
               +--------+--------+--------+--------+--------+-----+--------+

Top non-repeatable levels by time:
     D:2: 2801 daAuts
     D:3: 1528 daAuts
     D:1: 1231 daAuts
     D:4: 1181 daAuts
     D:5: 577 daAuts
  Temple: 111 daAuts
